[Event "Titled Tuesday Blitz November 30 2021"]
[White "Rasulov, Vugar"]
[Black "Krivonosov, Oleg"]
[WhiteFideId "13402390"]
[BlackFideId "11600349"]
[WhiteElo "2560"]
[BlackElo "2469"]
[Result "1-0"]
[Round "04"]
[TimeControl "180+1"]
[Date "2021.11.30"]
[WhiteClock "0:00:55"]
[BlackClock "0:00:59"]

1. e4 e5 2. Nf3 Nc6 3. Bc4 Bc5 4. c3 Nf6 5. d3 d6 6. Nbd2 h6 7. Bb3 a6 8. h3 Ba7 9. Nf1 Be6 10. Ng3 O-O 11. O-O Re8 12. Re1 d5 13. Qe2 Qd7 14. Nh4 dxe4 15. dxe4 Bxh3 16. Nhf5 Bg4 17. Qc2 Rad8 18. Be3 Bxe3 19. Nxe3 Qd2 20. Qb1 Qd3 21. Bc2 Qd7 22. b4 Be6 23. a4 g6 24. b5 Ne7 25. c4 Qd4 26. Ne2 Qc5 27. Qb2 c6 28. bxa6 bxa6 29. Qc3 a5 30. Rab1 Rb8 31. Red1 h5 32. Nc1 Ng4 33. Nb3 Qb4 34. Qxb4 Rxb4 35. Nxg4 hxg4 36. Nxa5 Rxa4 37. Bxa4 1-0


[Site "https://www.chess.com"]

[Event "Titled Tuesday Blitz November 30 2021"]
[White "Rengifo Blancas, Renzo Jhonathan"]
[Black "Golubka, Petro"]
[WhiteFideId "3807185"]
[BlackFideId "14114224"]
[WhiteElo "2058"]
[BlackElo "2392"]
[Result "0-1"]
[Round "04"]
[TimeControl "180+1"]
[Date "2021.11.30"]
[WhiteClock "0:00:10"]
[BlackClock "0:00:27"]

1. Nf3 Nf6 2. c4 e6 3. d4 b6 4. Nc3 Bb7 5. a3 Ne4 6. Qc2 Nxc3 7. Qxc3 Be7 8. e3 O-O 9. Bd3 c5 10. Qc2 f5 11. d5 Bf6 12. Bd2 g6 13. e4 fxe4 14. Bxe4 exd5 15. cxd5 Qe7 16. O-O-O Qf7 17. h4 d6 18. h5 gxh5 19. Bg5 Nd7 20. Bxf6 Nxf6 21. Ng5 Qg7 22. Ne6 Qh6+ 23. Kb1 Rae8 24. Nxf8 Rxe4 25. f3 Re5 26. Ne6 Nxd5 27. Nd8 Ne3 28. Qb3+ c4 29. Qa4 Qg6+ 30. Ka2 c3 31. Nxb7 Nxd1 32. Rxd1 cxb2 33. Qc4+ Kg7 34. Qc7+ Kh8 35. Qb8+ Re8 36. Qxd6 b1=Q+ 37. Rxb1 Re2+ 38. Ka1 Qg7+ 39. Rb2 Qxb2# 0-1


[Site "https://www.chess.com"]

[Event "Titled Tuesday Blitz November 30 2021"]
[White "Rustemov, Alexander"]
[Black "Zhigalko, Sergei"]
[WhiteFideId "4119002"]
[BlackFideId "13502956"]
[WhiteElo "2789"]
[BlackElo "2662"]
[Result "1/2-1/2"]
[Round "04"]
[TimeControl "180+1"]
[Date "2021.11.30"]
[WhiteClock "0:00:35"]
[BlackClock "0:00:41"]

1. Nf3 d5 2. d4 e6 3. c4 c6 4. Qc2 dxc4 5. Qxc4 Nf6 6. Bg5 b5 7. Qb3 Bb7 8. g3 Nbd7 9. Bg2 Be7 10. O-O O-O 11. Rd1 Qb6 12. Nc3 Rfd8 13. Rac1 Rac8 14. Ne5 Nxe5 15. dxe5 Rxd1+ 16. Nxd1 Nd5 17. Bxe7 Nxe7 18. Qe3 c5 19. Bxb7 Qxb7 20. Rxc5 Rd8 21. Qc1 h6 22. Ne3 1/2-1/2


[Site "https://www.chess.com"]

[Event "Titled Tuesday Blitz November 30 2021"]
[White "Samunenkov, Ihor"]
[Black "Svane, Rasmus"]
[WhiteFideId "14187086"]
[BlackFideId "4657101"]
[WhiteElo "2348"]
[BlackElo "2643"]
[Result "1-0"]
[Round "04"]
[TimeControl "180+1"]
[Date "2021.11.30"]
[WhiteClock "0:00:26"]
[BlackClock "0:01:13"]

1. e4 c6 2. Nf3 d5 3. Nc3 dxe4 4. Nxe4 Nf6 5. Qe2 Nxe4 6. Qxe4 Qa5 7. Qf4 Qf5 8. d3 Qxf4 9. Bxf4 g6 10. d4 Bg7 11. h3 O-O 12. Bc4 Nd7 13. O-O-O e6 14. Rhe1 a5 15. a4 Nb6 16. Bb3 Nd5 17. Be5 b6 18. Bxg7 Kxg7 19. Ne5 Bb7 20. c3 Rfd8 21. h4 Rac8 22. g3 c5 23. dxc5 Rxc5 24. Kb1 Rcc8 25. Re2 f6 26. Ng4 h5 27. Ne3 Nxe3 28. Rxe3 e5 29. Kc2 Bf3 30. Rxd8 Rxd8 31. Rxf3 e4 32. Re3 f5 33. Bc4 Kf6 34. Re2 Ke5 35. Rd2 Rc8 36. Rd5+ Kf6 37. b3 Rc6 38. Kd2 g5 39. hxg5+ Kxg5 40. Ke3 Kg4 41. Re5 Rf6 42. Be6 Kg5 43. b4 axb4 44. cxb4 Rf8 45. Rxf5+ Rxf5 46. Bxf5 Kxf5 47. a5 bxa5 48. bxa5 h4 49. gxh4 1-0


[Site "https://www.chess.com"]

[Event "Titled Tuesday Blitz November 30 2021"]
[White "Siva Mahadevan"]
[Black "Madaminov, Mukhiddin"]
[WhiteFideId "25043153"]
[BlackFideId "14210703"]
[WhiteElo "2203"]
[BlackElo "1855"]
[Result "1/2-1/2"]
[Round "04"]
[TimeControl "180+1"]
[Date "2021.11.30"]
[WhiteClock "0:00:25"]
[BlackClock "0:00:07"]

1. e4 e5 2. Nf3 Nc6 3. Bb5 a6 4. Ba4 Nf6 5. O-O Nxe4 6. d4 b5 7. Bb3 d5 8. dxe5 Be6 9. c3 Be7 10. Nbd2 O-O 11. Qe2 Nc5 12. Nd4 Qd7 13. Bc2 Nxd4 14. cxd4 Nb7 15. f4 Bf5 16. Bxf5 Qxf5 17. g4 Qc2 18. f5 Bg5 19. Rf3 b4 20. Qe1 c5 21. Nb3 Qe4 22. Qxe4 dxe4 23. Rf1 e3 24. h4 e2 25. Re1 Bxh4 26. Rxe2 cxd4 27. Nxd4 Rad8 28. Be3 Bg5 29. Kf2 Bxe3+ 30. Kxe3 Rfe8 31. Nc6 Rc8 32. Rc1 Kf8 33. Rec2 Na5 34. Nxb4 Rxe5+ 35. Kf4 Rce8 36. Nxa6 Re4+ 37. Kf3 Nb7 38. Nc7 Re3+ 39. Kf2 R8e4 40. Nd5 Rd3 41. Rc8+ Re8 42. Rxe8+ Kxe8 43. Re1+ Kf8 44. Nc3 Nc5 45. Re5 Rd2+ 46. Ke3 Rd3+ 47. Ke2 Nd7 48. Rd5 Rxd5 49. Nxd5 Ne5 50. Ne3 Ke7 51. a4 Kd6 52. b4 Kc6 53. Kd2 g6 54. fxg6 fxg6 55. Kc3 h5 56. gxh5 gxh5 57. Nf5 Nf3 58. Kc4 h4 59. b5+ Kb6 60. Kb4 h3 61. a5+ Kb7 62. Kc5 h2 63. Ng3 Nd2 64. a6+ Ka7 65. Kb4 Ne4 66. Nh1 Kb6 67. Ka4 Nc3+ 68. Kb4 Nxb5 69. Kc4 Kxa6 70. Kd3 Kb6 71. Ke2 Kc5 72. Kf1 Kd4 73. Kg2 Ke3 74. Kxh2 1/2-1/2


[Site "https://www.chess.com"]

[Event "Titled Tuesday Blitz November 30 2021"]
[White "Tabatabaei, M. Amin"]
[Black "Mirzoev, Azer"]
[WhiteFideId "12521213"]
[BlackFideId "13400304"]
[WhiteElo "2555"]
[BlackElo "2525"]
[Result "1-0"]
[Round "04"]
[TimeControl "180+1"]
[Date "2021.11.30"]
[WhiteClock "0:00:18"]
[BlackClock "0:00:07"]

1. c4 e6 2. g3 d5 3. Bg2 Nf6 4. Nf3 Be7 5. d4 O-O 6. Nc3 c6 7. O-O Nbd7 8. Qd3 b6 9. e4 Ba6 10. b3 c5 11. exd5 exd5 12. Nb5 Bb7 13. Bf4 dxc4 14. bxc4 cxd4 15. Rfe1 Nc5 16. Qxd4 Ne6 17. Qxd8 Rfxd8 18. Be3 Bc5 19. Bxc5 Nxc5 20. Re7 Rd7 21. Rae1 Kf8 22. Rxd7 Nfxd7 23. Nfd4 Bxg2 24. Kxg2 g6 25. h4 a6 26. Nc7 Rc8 27. Nd5 Re8 28. Rb1 Re4 29. Rd1 h5 30. f3 Re8 31. Rb1 Rb8 32. Kf2 Kg7 33. Ke3 Rb7 34. g4 hxg4 35. fxg4 Nf6 36. Nxf6 Kxf6 37. h5 Kg5 38. Rh1 Re7+ 39. Kf3 Rd7 40. h6 Rd8 41. Nb3 Rh8 42. h7 Kf6 43. Nxc5 bxc5 44. Ke4 Kg7 45. Kd5 Rxh7 46. Rxh7+ Kxh7 47. Kxc5 f5 48. gxf5 gxf5 49. Kd5 Kg6 50. Ke5 Kg5 51. c5 f4 52. Ke4 f3 53. c6 f2 54. c7 f1=Q 55. c8=Q Qf4+ 56. Kd5 Qd2+ 57. Ke5 Qb2+ 58. Ke4 Qxa2 59. Qf5+ Kh6 60. Qf6+ Kh7 61. Qe7+ Kh8 62. Qf8+ Kh7 63. Qf5+ Kh8 64. Qh5+ Kg7 65. Qe5+ Kh7 66. Qc7+ Kh8 67. Kf5 Qf2+ 68. Kg6 Qg2+ 69. Kh6 Qh2+ 70. Qxh2 1-0


[Site "https://www.chess.com"]

[Event "Titled Tuesday Blitz November 30 2021"]
[White "ValeriyGrinev"]
[Black "Bologan, Victor"]
[BlackFideId "13900048"]
[WhiteElo "2648"]
[BlackElo "2472"]
[Result "0-1"]
[Round "04"]
[TimeControl "180+1"]
[Date "2021.11.30"]
[WhiteClock "0:00:05"]
[BlackClock "0:00:13"]

1. c4 e5 2. g3 Nf6 3. Bg2 h6 4. d3 Bb4+ 5. Bd2 c5 6. Nc3 O-O 7. Nf3 Nc6 8. O-O Bxc3 9. Bxc3 Re8 10. Qb3 d6 11. Nd2 Nd4 12. Qd1 Bg4 13. f3 Be6 14. e3 Nc6 15. f4 Qd7 16. Ne4 Nxe4 17. Bxe4 d5 18. cxd5 Bxd5 19. Bxd5 Qxd5 20. Qc2 Rad8 21. Rad1 exf4 22. exf4 Re3 23. Rfe1 Rxe1+ 24. Rxe1 Qxd3 25. Re8+ Kh7 26. Qxd3+ Rxd3 27. Kf2 Rd7 28. b3 f6 29. f5 h5 30. h3 Ne7 31. g4 Nd5 32. Bd2 Nc7 33. Re2 Rd3 34. Kg2 Nd5 35. Bc1 hxg4 36. hxg4 Rc3 37. Bb2 Nf4+ 38. Kf2 Nxe2 0-1


[Site "https://www.chess.com"]

[Event "Titled Tuesday Blitz November 30 2021"]
[White "Wagner, Dennis"]
[Black "Yilmaz, Mustafa"]
[WhiteFideId "24650684"]
[BlackFideId "6302718"]
[WhiteElo "2355"]
[BlackElo "2518"]
[Result "0-1"]
[Round "04"]
[TimeControl "180+1"]
[Date "2021.11.30"]
[WhiteClock "0:00:05"]
[BlackClock "0:01:03"]

1. e4 e5 2. Nf3 Nc6 3. Bb5 a6 4. Ba4 Nf6 5. O-O Nxe4 6. d4 b5 7. Bb3 d5 8. dxe5 Be6 9. Be3 Be7 10. c3 O-O 11. Nbd2 Nxd2 12. Qxd2 Na5 13. Rfe1 Nc4 14. Bxc4 dxc4 15. Qc2 Qc8 16. Bg5 Bf5 17. Qc1 Bc5 18. Nh4 Bd3 19. Qf4 h6 20. Bf6 gxf6 21. exf6 Kh7 22. Re7 Bd6 23. Qf3 Bxe7 24. fxe7 Rg8 25. Re1 Qg4 26. Qxf7+ Rg7 27. Qd5 Re8 28. Qc6 Rexe7 29. Rxe7 Qd1+ 0-1


[Site "https://www.chess.com"]

[Event "Titled Tuesday Blitz November 30 2021"]
[White "Willow, Jonah B"]
[Black "Shkapenko, Pavel"]
[WhiteFideId "438804"]
[BlackFideId "4151933"]
[WhiteElo "2261"]
[BlackElo "2386"]
[Result "1-0"]
[Round "04"]
[TimeControl "180+1"]
[Date "2021.11.30"]
[WhiteClock "0:00:07"]
[BlackClock "0:00:03"]

1. e4 e5 2. Nf3 Nc6 3. Nc3 Nf6 4. Bb5 Nd4 5. Bc4 Bc5 6. Nxe5 O-O 7. d3 d6 8. Nxf7 Rxf7 9. Bxf7+ Kxf7 10. h3 a6 11. Be3 Kg8 12. O-O Qe8 13. Ne2 Nxe2+ 14. Qxe2 Qg6 15. Bxc5 Bxh3 16. f4 dxc5 17. e5 Nh5 18. Qf3 Bf5 19. Qxb7 Rf8 20. Rf2 c4 21. Qd5+ Kh8 22. Qxc4 Ng3 23. Rf3 Ne2+ 24. Kf2 Be6 25. Qc5 Rxf4 26. Kxe2 Bg4 27. Rf1 Bxf3+ 28. gxf3 h6 29. Qxc7 Qe6 30. Qd6 Qxa2 31. Qb8+ Kh7 32. Rg1 Qf7 33. Qa8 Rf5 34. Qe4 g6 35. d4 Qc4+ 36. Qd3 Qd5 37. c4 Qe6 38. Qe4 h5 39. Kd3 Kh6 40. Qe3+ Kh7 41. Re1 Qf7 42. Rf1 h4 43. e6 Qe7 44. d5 Kg7 45. Qd4+ Kh6 46. Ke2 g5 47. Qe3 Rf4 48. Kd3 Kh5 49. Qe5 Qh7+ 50. Kc3 Qe7 51. d6 Qh7 52. e7 Qf7 53. e8=Q Rxc4+ 54. Kd2 Rd4+ 55. Ke3 1-0


[Site "https://www.chess.com"]

[Event "Titled Tuesday Blitz November 30 2021"]
[White "Xiong, Jeffery"]
[Black "Maksimovic, Bojan"]
[WhiteFideId "2047640"]
[BlackFideId "14408120"]
[WhiteElo "2699"]
[BlackElo "2439"]
[Result "0-1"]
[Round "04"]
[TimeControl "180+1"]
[Date "2021.11.30"]
[WhiteClock "0:00:57"]
[BlackClock "0:01:20"]

1. d4 d5 2. Nf3 Bf5 3. c4 e6 4. Nc3 Nc6 5. g3 Nf6 6. Nh4 Be4 7. f3 Bg6 8. e3 Be7 9. Qb3 Na5 10. Qa4+ c6 11. cxd5 exd5 12. Bd2 O-O 13. Nxg6 fxg6 14. Be2 b5 15. Qc2 Nc4 16. O-O-O a5 17. Rhe1 a4 18. Kb1 Nxd2+ 19. Rxd2 Qa5 20. Rc1 b4 21. Nd1 b3 22. Qd3 Bb4 23. Nc3 a3 24. axb3 axb2 25. Rxb2 Ba3 26. Ra2 Qb4 27. Rcc2 Qxb3+ 28. Ka1 Rfb8 0-1


[Site "https://www.chess.com"]

[Event "Titled Tuesday Blitz November 30 2021"]
[White "Andreikin, Dmitry"]
[Black "Nagy, Gabor"]
[WhiteFideId "4158814"]
[BlackFideId "737119"]
[WhiteElo "2736"]
[BlackElo "2534"]
[Result "1-0"]
[Round "05"]
[TimeControl "180+1"]
[Date "2021.11.30"]
[WhiteClock "0:00:08"]
[BlackClock "0:00:13"]

1. d4 Nf6 2. c4 c5 3. Nf3 cxd4 4. Nxd4 e6 5. Nc3 Nc6 6. e3 Be7 7. Be2 O-O 8. O-O b6 9. b3 Bb7 10. Bb2 Rc8 11. Rc1 Nxd4 12. Qxd4 d6 13. Rfd1 a6 14. Na4 b5 15. cxb5 Rxc1 16. Rxc1 axb5 17. Bxb5 Qa8 18. Nb6 Qxa2 19. Ra1 Qxb3 20. Ba4 e5 21. Bxb3 exd4 22. Bxd4 Rb8 23. f3 Bd8 24. Bc4 h5 25. Na4 Bd5 26. Bf1 h4 27. Nc3 Bc6 28. e4 Bb6 29. Rd1 Bxd4+ 30. Rxd4 Rb3 31. Ne2 d5 32. exd5 Nxd5 33. Rxh4 Ne3 34. Kf2 Nxf1 35. Kxf1 Rb2 36. Nd4 Bd5 37. Rf4 f6 38. h4 Rd2 39. Nf5 Be6 40. Ng3 Kf7 41. Kg1 Rb2 42. Kh2 Bd5 43. Kg1 Rb1+ 44. Kh2 Rb2 45. Nf1 Re2 46. Kg3 Re1 47. Nh2 Be6 48. Rb4 Rc1 49. Rb2 g5 50. hxg5 fxg5 51. Kf2 Rc4 52. Nf1 Kf6 53. Ne3 Ra4 54. Rb6 Ra2+ 55. Kg3 Ke5 56. Rb5+ Kf6 57. Nd1 Ra3 58. Nf2 Bf5 59. Rb6+ Ke5 60. Ng4+ Kd5 61. Rb5+ Ke6 62. Re5+ 1-0


[Site "https://www.chess.com"]

[Event "Titled Tuesday Blitz November 30 2021"]
[White "Atakishiyev, Elmar"]
[Black "Grigorjev, Iljya"]
[WhiteFideId "13410547"]
[BlackFideId "24159565"]
[WhiteElo "2088"]
[BlackElo "2124"]
[Result "1-0"]
[Round "05"]
[TimeControl "180+1"]
[Date "2021.11.30"]
[WhiteClock "0:00:50"]
[BlackClock "0:00:18"]

1. d4 Nf6 2. c4 g6 3. Nc3 d5 4. cxd5 Nxd5 5. e4 Nxc3 6. bxc3 Bg7 7. Bc4 c5 8. Ne2 Nc6 9. Be3 O-O 10. Rc1 b6 11. h4 h5 12. Qd2 cxd4 13. cxd4 Bb7 14. g4 Na5 15. Bd3 hxg4 16. h5 e5 17. d5 gxh5 18. Rxh5 f6 19. Bh6 Qe8 20. Rh4 Qg6 21. Rc7 Rf7 22. Rxf7 Kxf7 23. Ng3 Rh8 24. Nf5 Bxh6 25. Nxh6+ Ke8 26. Bb5+ Kf8 27. Qb4+ Kg7 28. Qe7+ 1-0


[Site "https://www.chess.com"]

[Event "Titled Tuesday Blitz November 30 2021"]
[White "Azarov, Sergei"]
[Black "Siva Mahadevan"]
[WhiteFideId "13501470"]
[BlackFideId "25043153"]
[WhiteElo "2494"]
[BlackElo "2203"]
[Result "0-1"]
[Round "05"]
[TimeControl "180+1"]
[Date "2021.11.30"]
[WhiteClock "0:00:01"]
[BlackClock "0:00:27"]

1. e4 c5 2. Nf3 Nc6 3. d4 cxd4 4. Nxd4 Nf6 5. Nc3 d6 6. Bg5 e6 7. Qd2 a6 8. O-O-O Bd7 9. f4 b5 10. Bxf6 gxf6 11. Nxc6 Bxc6 12. Bd3 Qb6 13. Kb1 h5 14. f5 b4 15. Ne2 e5 16. Nc1 a5 17. Qe2 a4 18. Bc4 Rc8 19. b3 Rc7 20. g3 h4 21. g4 Bh6 22. Rhe1 Ke7 23. Rd3 Qc5 24. Red1 Rd8 25. g5 Bxg5 26. Qh5 Rf8 27. Rxd6 Qxd6 28. Rxd6 Kxd6 29. Nd3 Bxe4 30. Qd1 axb3 31. Nxb4+ Ke7 32. axb3 Rd8 33. Qe1 Rd4 34. Na6 Rcxc4 35. bxc4 Rxc4 36. Qa5 Bxc2+ 37. Kb2 Bxf5 38. Nc5 Kf8 39. Qa8+ Kg7 40. Qd5 Rd4 41. Qb7 Rd2+ 42. Ka3 Rxh2 43. Qe7 h3 44. Nb7 Bc1+ 45. Ka4 Ra2+ 46. Kb5 Rb2+ 47. Kc4 Be6+ 48. Kc3 Rb3+ 49. Kc2 Ba3 50. Nc5 Bxc5 51. Qxc5 h2 52. Qc6 Rh3 53. Qg2+ Kf8 54. Qa8+ Kg7 55. Qg2+ Kh7 56. Qh1 Bd5 57. Qxd5 h1=Q 58. Qxf7+ Kh6 59. Qxf6+ Kh5 60. Qxe5+ Kg4 61. Qe6+ Kf4 62. Qd6+ Kf5 63. Qd7+ Ke5 64. Qc7+ Ke6 65. Qc8+ Kd6 66. Qb8+ Kd7 67. Qa7+ Kc8 68. Qa6+ Qb7 69. Qe6+ Qd7 70. Qa6+ Kd8 71. Qf6+ Ke8 72. Qg6+ Kf8 73. Qf6+ Qf7 74. Qd8+ Kg7 75. Qd4+ Kh7 76. Qe4+ Qg6 77. Kc1 Qxe4 0-1


[Site "https://www.chess.com"]

[Event "Titled Tuesday Blitz November 30 2021"]
[White "Babazada, Khazar"]
[Black "Golubka, Petro"]
[WhiteFideId "13413554"]
[BlackFideId "14114224"]
[WhiteElo "2302"]
[BlackElo "2392"]
[Result "0-1"]
[Round "05"]
[TimeControl "180+1"]
[Date "2021.11.30"]
[WhiteClock "0:00:18"]
[BlackClock "0:00:27"]

1. e4 c5 2. Nf3 d6 3. d4 cxd4 4. Nxd4 Nf6 5. Nc3 a6 6. h3 h5 7. Be3 e6 8. Qd2 b5 9. a3 Bb7 10. f3 Nbd7 11. O-O-O h4 12. Kb1 Rc8 13. Nb3 Be7 14. Be2 Nh5 15. Rhe1 g5 16. Na2 Ne5 17. Na5 Ba8 18. a4 bxa4 19. Bxa6 Rb8 20. Ka1 a3 21. b4 O-O 22. c3 Qc7 23. Rc1 f6 24. Nb3 d5 25. Nd4 Ng7 26. exd5 Bxd5 27. c4 Bxc4 28. Qc2 Rfc8 29. Bxc8 Rxc8 30. Red1 Qb7 31. f4 gxf4 32. Bxf4 Bxb4 33. g3 Bc5 34. Rb1 Qa7 35. Be3 Ba6 36. gxh4 Bxd4+ 37. Bxd4 Qxd4+ 38. Rxd4 Rxc2 39. Nb4 a2 40. Rg1 Nf3 41. Rxg7+ Kxg7 42. Nxc2 Nxd4 43. Nxd4 Bc4 0-1


[Site "https://www.chess.com"]

[Event "Titled Tuesday Blitz November 30 2021"]
[White "Baskin, Robert"]
[Black "Bazeev, German"]
[WhiteFideId "24662402"]
[BlackFideId "24119350"]
[WhiteElo "2488"]
[BlackElo "2462"]
[Result "0-1"]
[Round "05"]
[TimeControl "180+1"]
[Date "2021.11.30"]
[WhiteClock "0:00:03"]
[BlackClock "0:00:08"]

1. e4 c6 2. d4 d5 3. exd5 cxd5 4. c4 e6 5. Nc3 Bb4 6. Nf3 Nf6 7. Bd3 dxc4 8. Bxc4 O-O 9. O-O Qc7 10. Bd3 Bxc3 11. bxc3 b6 12. c4 Bb7 13. Bb2 Nbd7 14. Qe2 Rfe8 15. Rad1 Nf8 16. Ne5 Ng6 17. f4 Rad8 18. Qe3 Ba8 19. Qh3 Be4 20. Be2 Bf5 21. g4 Be4 22. g5 Nd7 23. Qe3 Ba8 24. Qg3 Ndxe5 25. fxe5 Qc6 26. h4 Ne7 27. d5 exd5 28. e6 Qxe6 29. Bg4 Qc6 30. Qe5 d4 31. Bf3 Qc5 32. Bxd4 Qxe5 33. Bxe5 Bxf3 34. Rxd8 Rxd8 35. Rxf3 Nc6 36. Bc3 Re8 37. Kf2 Re4 38. Rd3 Rxc4 39. h5 Kf8 40. h6 gxh6 41. gxh6 Ke7 42. Re3+ Kd7 43. Rf3 Ke6 44. Bg7 f5 45. Re3+ Re4 46. Rc3 Kd5 47. Rd3+ Nd4 48. Ra3 a5 49. Rc3 Re2+ 50. Kf1 Rxa2 51. Rc7 Ne6 52. Rd7+ Kc6 53. Re7 Kd6 54. Bf6 Rh2 55. Rxh7 Rh5 56. Kf2 a4 0-1


[Site "https://www.chess.com"]

[Event "Titled Tuesday Blitz November 30 2021"]
[White "Bologan, Victor"]
[Black "Deac, Bogdan-Daniel"]
[WhiteFideId "13900048"]
[BlackFideId "1226380"]
[WhiteElo "2472"]
[BlackElo "2605"]
[Result "1-0"]
[Round "05"]
[TimeControl "180+1"]
[Date "2021.11.30"]
[WhiteClock "0:00:10"]
[BlackClock "0:00:01"]

1. e4 c5 2. Nf3 d6 3. Bb5+ Nd7 4. c3 Nf6 5. Bd3 g6 6. O-O Bg7 7. Bc2 b5 8. d4 Bb7 9. Qe2 cxd4 10. cxd4 O-O 11. Re1 Rc8 12. Bd3 Qb6 13. Nbd2 a6 14. a4 Nh5 15. Qe3 e5 16. dxe5 Qxe3 17. Rxe3 Nxe5 18. Nxe5 dxe5 19. axb5 axb5 20. Bxb5 Bh6 21. Rc3 Rxc3 22. bxc3 Rd8 23. Nf1 Bxc1 24. Rxc1 Bxe4 25. Re1 Bd3 26. Rxe5 Nf4 27. g3 Bxb5 28. gxf4 Bc6 29. Ne3 Ra8 30. h4 f5 31. Kh2 Kf7 32. Rc5 Ra6 33. Nc4 Ke6 34. Ne5 Bd5 35. c4 Be4 36. f3 Bc2 37. Rc7 Ra3 38. Kg3 Bd1 39. Rxh7 1-0


[Site "https://www.chess.com"]

[Event "Titled Tuesday Blitz November 30 2021"]
[White "Demchenko, Anton"]
[Black "Seo, Jung Min"]
[WhiteFideId "4160258"]
[BlackFideId "1734687"]
[WhiteElo "2583"]
[BlackElo "2472"]
[Result "0-1"]
[Round "05"]
[TimeControl "180+1"]
[Date "2021.11.30"]
[WhiteClock "0:00:07"]
[BlackClock "0:00:17"]

1. e4 e5 2. Nf3 Nf6 3. Nxe5 d6 4. Nf3 Nxe4 5. Bd3 Nf6 6. O-O Be7 7. Re1 O-O 8. Bf1 d5 9. d4 c6 10. h3 Bf5 11. Bf4 Bd6 12. Ne5 Qc7 13. Bd3 Bxd3 14. Qxd3 Nbd7 15. Nd2 Rae8 16. Ndf3 Ne4 17. c4 f6 18. Nxd7 Qxd7 19. Bxd6 Nxd6 20. c5 Ne4 21. b4 a6 22. a4 g6 23. Rab1 Ng5 24. Nd2 Ne6 25. g3 f5 26. Nf3 f4 27. g4 Qd8 28. Re5 Nc7 29. Rbe1 Rxe5 30. Rxe5 Re8 31. Qe2 Qd7 32. Kg2 Re6 33. Qd2 Rxe5 34. Nxe5 Qe7 35. Qxf4 Ne6 36. Qe3 Qf6 37. Nf3 g5 38. Kg3 Kg7 39. h4 h6 40. h5 Qf4+ 41. Kh3 Kf6 42. Qxf4+ Nxf4+ 43. Kh2 Nd3 44. Kg3 Nxb4 45. Ne1 a5 46. f4 Na2 47. fxg5+ Kxg5 48. Nf3+ Kf6 49. Kf4 Nc3 50. g5+ hxg5+ 51. Nxg5 Ne2+ 52. Kg4 Nxd4 53. h6 Kg6 54. h7 Kg7 55. Kf4 Nb3 56. Ne6+ Kxh7 57. Ke5 Kg6 58. Kd6 d4 59. Kc7 Kf5 60. Nxd4+ Nxd4 61. Kxb7 Ke5 62. Kb6 Kd5 63. Kxa5 Kxc5 64. Ka6 Nb3 65. Kb7 Na5+ 66. Kc7 Kb4 67. Kb6 c5 68. Ka6 c4 69. Kb6 c3 0-1


[Site "https://www.chess.com"]

[Event "Titled Tuesday Blitz November 30 2021"]
[White "Donchenko, Alexander"]
[Black "Abdrlauf, Elham"]
[WhiteFideId "24603295"]
[BlackFideId "1533533"]
[WhiteElo "2490"]
[BlackElo "2362"]
[Result "1/2-1/2"]
[Round "05"]
[TimeControl "180+1"]
[Date "2021.11.30"]
[WhiteClock "0:00:04"]
[BlackClock "0:00:03"]

1. Nf3 Nf6 2. g3 g6 3. Bg2 Bg7 4. O-O O-O 5. d4 d5 6. c4 c6 7. cxd5 cxd5 8. Nc3 Nc6 9. Ne5 e6 10. Nxc6 bxc6 11. b3 Nd7 12. Ba3 Re8 13. Na4 Ba6 14. Rc1 Bb5 15. Nc3 Qa5 16. Bb2 Ba6 17. a3 Qb6 18. e3 Bxf1 19. Bxf1 e5 20. Na4 Qc7 21. dxe5 Bxe5 22. Bxe5 Rxe5 23. b4 Qd6 24. Qd4 Re4 25. Qd2 Ne5 26. Bg2 Rc4 27. Rd1 Rb8 28. Nb2 Rg4 29. Qc3 Qf6 30. Rc1 a5 31. f4 axb4 32. axb4 Nd7 33. Qxf6 Nxf6 34. Rxc6 Rxb4 35. Nd3 Rb1+ 36. Kf2 Ne4+ 37. Bxe4 dxe4 38. Ne5 Rb2+ 39. Kg1 h5 40. Rc4 f5 41. Rc7 Rb1+ 42. Kg2 Rb2+ 43. Kg1 Rb1+ 44. Kg2 Rb2+ 45. Kh3 Rb3 46. Nxg4 hxg4+ 47. Kh4 Rxe3 48. Kg5 Re2 49. Kxg6 Kf8 50. Rh7 e3 51. Kxf5 Ra2 52. Rh6 Ra5+ 53. Kxg4 Kf7 54. Rh7+ Kf6 55. Rh6+ Kf7 56. Rh7+ Kf6 57. Rh6+ Kf7 1/2-1/2


[Site "https://www.chess.com"]

[Event "Titled Tuesday Blitz November 30 2021"]
[White "Druska, Juraj"]
[Black "Svane, Frederik"]
[WhiteFideId "14915650"]
[BlackFideId "12923044"]
[WhiteElo "2369"]
[BlackElo "2459"]
[Result "0-1"]
[Round "05"]
[TimeControl "180+1"]
[Date "2021.11.30"]
[WhiteClock "0:00:44"]
[BlackClock "0:01:42"]

1. d4 Nf6 2. Bf4 b6 3. e3 Bb7 4. Nf3 Nh5 5. Bg3 d6 6. Nbd2 g6 7. a4 Nxg3 8. hxg3 a6 9. c3 Bg7 10. Bd3 Nd7 11. Be4 d5 12. Bd3 c5 13. Qe2 e6 14. b4 O-O 15. O-O Qc7 16. Rfb1 Rfc8 17. a5 c4 18. axb6 cxd3 0-1


[Site "https://www.chess.com"]

[Event "Titled Tuesday Blitz November 30 2021"]
[White "Durarbayli, Vasif"]
[Black "Krishnan, Varun"]
[WhiteFideId "13402935"]
[BlackFideId "5054508"]
[WhiteElo "2522"]
[BlackElo "2677"]
[Result "1-0"]
[Round "05"]
[TimeControl "180+1"]
[Date "2021.11.30"]
[WhiteClock "0:00:12"]
[BlackClock "0:00:02"]

1. e4 c5 2. b3 d6 3. Bb2 e5 4. Bc4 Be7 5. Ne2 Nf6 6. Nbc3 O-O 7. d3 a6 8. a4 Be6 9. O-O Nc6 10. f4 Bxc4 11. bxc4 Nd4 12. Rb1 Ng4 13. Nd5 Nf6 14. fxe5 dxe5 15. Bxd4 Nxd5 16. cxd5 cxd4 17. Rxb7 Rb8 18. Qb1 Qc8 19. Rxb8 Qxb8 20. Qb3 Rc8 21. Rb1 Qxb3 22. Rxb3 a5 23. c4 Bb4 24. g4 g6 25. Rb1 Kg7 26. Kg2 f6 27. Rf1 Rb8 28. Rb1 Rc8 29. Ng1 Kf7 30. Nf3 Ke7 31. g5 Kd6 32. gxf6 Rf8 33. c5+ Bxc5 34. Rb5 Bb4 35. Rb6+ Kc7 36. Rc6+ Kd7 37. Nxe5+ Kd8 38. Nc4 Kd7 39. e5 Rb8 40. e6+ Ke8 41. d6 Kf8 42. d7 Be7 43. Rc8+ Rxc8 44. dxc8=Q+ 1-0


[Site "https://www.chess.com"]

[Event "Titled Tuesday Blitz November 30 2021"]
[White "Galchenko, Matvey"]
[Black "Leitao, Rafael"]
[WhiteFideId "24175480"]
[BlackFideId "2101246"]
[WhiteElo "2453"]
[BlackElo "2609"]
[Result "1-0"]
[Round "05"]
[TimeControl "180+1"]
[Date "2021.11.30"]
[WhiteClock "0:00:14"]
[BlackClock "0:00:12"]

1. c4 Nf6 2. g3 e6 3. Bg2 d5 4. d4 Bb4+ 5. Bd2 Be7 6. Nf3 O-O 7. O-O c6 8. Bf4 b6 9. Nc3 Nbd7 10. Rc1 Ba6 11. cxd5 exd5 12. Re1 Bb7 13. Ne5 Nxe5 14. dxe5 Nh5 15. Bd2 g6 16. Bh6 Re8 17. f4 Ng7 18. g4 Ne6 19. e3 d4 20. exd4 Qxd4+ 21. Qxd4 Nxd4 22. Ne4 Rad8 23. Kf2 Bh4+ 24. Ng3 f6 25. exf6 Bxf6 26. b4 Bc8 27. h3 Bh4 28. Rxe8+ Rxe8 29. Bxc6 Re2+ 30. Kf1 Bxg3 31. Bd5+ Be6 32. Rc8+ Kf7 33. Rc7+ Ke8 34. Bxe6 Rxe6 35. Rxa7 Re2 36. Rxh7 Rf2+ 37. Ke1 Nf3+ 38. Kd1 Rd2+ 39. Kc1 Rd4 40. f5 gxf5 41. gxf5 Rxb4 42. Kc2 Rh4 43. f6 Ne5 44. Re7+ Kd8 45. Be3 Rh8 46. Bxb6+ Kc8 47. Bc7 Bf4 48. Bxe5 Bxe5 49. f7 Rd8 50. Rxe5 1-0


[Site "https://www.chess.com"]

[Event "Titled Tuesday Blitz November 30 2021"]
[White "Gelman, Alexander"]
[Black "Sadhwani, Raunak"]
[WhiteFideId "4118316"]
[BlackFideId "35093487"]
[WhiteElo "2375"]
[BlackElo "2517"]
[Result "0-1"]
[Round "05"]
[TimeControl "180+1"]
[Date "2021.11.30"]
[WhiteClock "0:00:17"]
[BlackClock "0:00:50"]

1. d4 Nf6 2. Nc3 d5 3. Bf4 a6 4. e3 e6 5. g4 c5 6. g5 Nfd7 7. h4 Nc6 8. Nf3 b5 9. Bh3 b4 10. Ne2 a5 11. O-O Be7 12. Re1 h6 13. gxh6 gxh6 14. Kh2 Bxh4 15. Nxh4 Qxh4 16. Bg3 Qe7 17. a3 Nf6 18. dxc5 Ne4 19. axb4 Nxb4 20. c4 h5 21. Qd4 f6 22. cxd5 exd5 23. Bxc8 Rxc8 24. Rxa5 Nc6 25. Qa4 h4 26. Bf4 Kf7 27. f3 Nd2 28. Ra6 Nxf3+ 29. Kh1 Nxe1 30. Rxc6 Rxc6 31. Qxc6 Qe4+ 0-1


[Site "https://www.chess.com"]